 Dungeon Crawl Stone Soup version 0.18.1-6-gd335043 (webtiles) character file.

7987 Gorice the Carver (level 11, 0/86 HPs)
             Began as a Demonspawn Gladiator on May 14, 2016.
             Was an Elder of Okawaru.
             Slain by a yak (2 damage)
             ... on level 10 of the Dungeon on May 15, 2016.
             The game lasted 01:03:51 (13849 turns).

Gorice the Carver (Demonspawn Gladiator)           Turns: 13849, Time: 01:03:52

Health: 0/86       AC: 20    Str: 18    XL:     11   Next: 4%
Magic:  0/11       EV:  8    Int:  9    God:    Okawaru [****..]
Gold:   551        SH:  6    Dex: 17    Spells: 0 memorised, 10 levels left

rFire  . . .     SeeInvis .     a - +1 long sword
rCold  + . .     Gourm    .     q - +0 plate armour {rPois}
rNeg   . . .     Faith    .     g - +2 buckler
rPois  +         Spirit   +     c - +1 helmet
rElec  .         Dismiss  .     o - +0 cloak
rCorr  .         Reflect  .     z - +1 pair of gloves {archery}
SustAt .         Harm     .     (no boots)
MR     .....                    H - amulet of guardian spirit
Stlth  ..........               W - ring of stealth
                                u - +4 ring of protection

@: about to teleport, not resistant to hostile enchantments, extremely
unstealthy
A: claws 2, thin skeletal structure 1, cold resistance 1
a: Heroism, Renounce Religion


You were on level 10 of the Dungeon.
You worshipped Okawaru.
Okawaru was greatly pleased with you.
You were not hungry.

You visited 2 branches of the dungeon, and saw 11 of its levels.
You also visited: Sewer and Bailey.

You collected 551 gold pieces.

Inventory:

Hand Weapons
 a - a +1 long sword (weapon)
 d - a +0 great sword
 e - the +3 quarterstaff of Somewhere Else {crush, +Fly rF+}
   (You found it on level 6 of the Dungeon)

   It inflicts extra damage upon your enemies.
   It protects you from fire.
   It lets you fly.
 v - a +0 blowgun
 Q - a +0 dagger of electrocution
   (You took it off an orc on level 5 of the Dungeon)
Missiles
 i - 21 poisoned needles
 j - 126 sling bullets
 L - 4 silver javelins
 P - 17 tomahawks (quivered)
 Y - a throwing net
 Z - 288 stones
Armour
 c - a +1 helmet (worn)
 g - a +2 buckler (worn)
 o - a +0 cloak (worn)
 q - a +0 plate armour of poison resistance (worn)
   (You found it in a bailey)
 t - a +0 crystal plate armour
 z - a +1 pair of gloves of archery (worn)
   (You found it in a bailey)
 A - the +0 ring mail of a treasure trove {rCorr Str+2 Int+3}
   (You found it on level 6 of the Dungeon)

   It affects your strength (+2).
   It affects your intelligence (+3).
   It protects you from acid and corrosion.
 F - a +0 scale mail
 K - a +3 leather armour
 R - a +0 chain mail
Jewellery
 u - a +4 ring of protection (left hand)
 H - an amulet of guardian spirit (around neck)
 W - a ring of stealth (right hand)
Wands
 G - a wand of flame (22/48)
 J - a wand of iceblast (7/15)
 O - a wand of enslavement (0/24)
Scrolls
 h - 3 scrolls of teleportation {!r}
 m - 4 scrolls of blinking
 s - 2 scrolls of immolation {!r}
 B - a scroll of enchant armour
 U - 2 scrolls of remove curse
Potions
 b - a potion of cure mutation {!q}
 k - a potion of ambrosia
 l - a potion of invisibility {!q}
 n - a potion of might {!q}
 w - 3 potions of curing
 x - a potion of flight
 C - a potion of agility {!q}
 I - 2 potions of degeneration {unknown}
 M - a potion of berserk rage {unknown}
 S - a potion of cancellation {unknown}
 T - a potion of resistance {unknown}
 V - a potion of haste {unknown}
Books
 y - a book of Necromancy
 E - a book of the Earth
 N - the Catalogue of Vitriolic Unholy Rituals
   (You found it on level 9 of the Dungeon)

   Spells                             Type                      Level
   a - Vampiric Draining              Necromancy                   3
   b - Olgreb's Toxic Radiance        Poison                       4
   c - Venom Bolt                     Conjuration/Poison           5
Comestibles
 f - 4 bread rations {!e}
 p - 33 fruits
 D - 2 beef jerkies


   Skills:
 + Level 7.8 Fighting
 + Level 12.1 Long Blades
 - Level 1.7 Throwing
 + Level 2.1 Armour
 - Level 7.5 Dodging


You had 10 spell levels left.
You didn't know any spells.

Dungeon Overview and Level Annotations

Branches:
Dungeon (10/15)            Temple (1/1) D:5             Orc (0/2) D:9
   Lair: D:8-11

Altars:
Ashenzari
Cheibriados
Dithmenos
Elyvilon
Fedhas
Gozag
Kikubaaqudgha
Makhleb
Nemelex Xobeh
Okawaru
Pakellas
Qazlal
Ru
Sif Muna
Trog
Vehumet
Xom
Yredelemnul
Zin
The Shining One

Annotations:
D:3 Edmund
D:8 vpUX: scrolls behind grate
D:10 Erica


Innate Abilities, Weirdness & Mutations

You have very sharp fingernails.
You have a somewhat thin skeletal structure (Dex +2, Stealth).
Your flesh is cold resistant.


Message History

Really quaff
r - a potion of heal wounds {!q}?
You feel much better.
The efreet hits you with a scimitar of flaming.
* * * LOW HITPOINT WARNING * * *
The efreet burns you.
* * * LOW HITPOINT WARNING * * *
Unknown command.
Evoke which item? (* to show all) (? for menu, Esc to quit)
Zapping:
J - a wand of iceblast {zapped: 5} (will waste charges)
Press: ? - help, Shift-Dir - straight line, f - efreet
Aim: an efreet, wielding a scimitar of flaming (almost dead)
The mass of ice explodes!
The iceblast engulfs the efreet.
The efreet is frozen!
You kill the efreet!
Okawaru accepts your kill.
Your Armour skill increases to level 2!
The iceblast engulfs the yak.
The yak is moderately wounded.
Evoking this partially-identified wand wasted a few charges.
You slash the yak!
The yak is heavily wounded.
The yak barely misses you.
You hit the yak.
The yak is heavily wounded.
You hit the yak but do no damage.
The yak is heavily wounded.
The yak gores you but does no damage.
You hit the yak.
The yak is heavily wounded.
The yak barely misses you.
You hit the yak.
The yak is severely wounded.
The yak gores you.
* * * LOW HITPOINT WARNING * * *
Damage: 5 (max 16)
You hit the yak.
The yak is severely wounded.
The yak gores you but does no damage.
You hit the yak but do no damage.
The yak is severely wounded.
Unknown command.
Read which item? (? for menu, Esc to quit)
Really read
h - 4 scrolls of teleportation {!r}?
As you read the scroll of teleportation {!r}, it crumbles to dust.
You feel strangely unstable. The yak gores you!
* * * LOW HITPOINT WARNING * * *
Damage: 10 (max 16) Unknown command.
The yak gores you.
You die...

...#
.>.@.......#...............
...#
......Y....#....###.[.###..
#### ####'#####...# #...#
#.. ..#
#....#.......###...###..
..#
#....#.........)........
..#
#....#...........(......
..#
#...)'..........'.(...#.
..#
#....#YY........#((...#.
..#
#..c.#.@........#.....#.
..#
#....#..........#.....#.
..#
#....#..........#.....#.
###
##'#######.+#######...## .#
(. #....#....#..... .# (..
#....#....#..... .# ....
#....#....#..... .#
#....#....#..... .#
#....#....#.....


You could see 2 yaks.

Vanquished Creatures
  Fannar (D:10)
  An efreet (D:10)
  A troll (D:10)
  Grinder (D:4)
  Prince Ribbit (D:7)
  2 wyverns
  4 yaks (D:10)
  2 hungry ghosts
  Eustachio (D:5)
  A steam dragon (D:10)
  2 water moccasins
  9 orc warriors
  2 black bears
  4 sky beasts
  A phantom (D:8)
  An ice beast (D:10)
  3 ogres
  A necrophage (D:10)
  4 centaurs
  2 big kobolds
  6 giant frogs
  3 scorpions
  5 wights (D:8)
  2 jellies
  3 crimson imps
  A centaur zombie (D:8)
  2 giant frog zombies
  2 hounds
  6 orc priests
  15 orc wizards
  Jessica (D:2)
  5 iguanas
  5 worker ants
  A killer bee zombie (D:9)
  2 hound zombies (D:8)
  A worker ant zombie (D:7)
  A river rat (Sewer)
  11 adders
  5 gnolls
  An ooze (D:1)
  2 worms
  2 dart slugs
  6 giant geckos
  66 orcs
  2 ball pythons
  6 giant cockroaches
  4 goblins
  10 hobgoblins
  17 jackals
  7 quokkas
  12 bats
  A giant newt (D:4)
  9 kobolds
  2 quokka skeletons
  12 rats
280 creatures vanquished.

Vanquished Creatures (collateral kills)
  2 orc warriors (Bailey)
2 creatures vanquished.

Vanquished Creatures (others)
  An orc (D:7)
1 creature vanquished.

Grand Total: 283 creatures vanquished

Notes
Turn   | Place    | Note
--------------------------------------------------------------
     0 | D:1      | Gorice the Demonspawn Gladiator began the quest for the Orb.
     0 | D:1      | Reached XP level 1. HP: 16/16 MP: 1/1
     2 | D:1      | Noticed a formicid
     2 | D:1      | Noticed a gargoyle
     4 | D:1      | Noticed an octopode
     6 | D:1      | Noticed a demonspawn
     6 | D:1      | Noticed a demigod
     8 | D:1      | Noticed an ogre
     8 | D:1      | Noticed a minotaur
    10 | D:1      | Noticed a halfling
    10 | D:1      | Noticed a spriggan
    12 | D:1      | Noticed an elf
    12 | D:1      | Noticed a vine stalker
    14 | D:1      | Noticed a merfolk
    14 | D:1      | Noticed a human
    16 | D:1      | Noticed a centaur
    16 | D:1      | Noticed a dwarf
    18 | D:1      | Noticed a draconian
    18 | D:1      | Noticed a troll
    20 | D:1      | Noticed a vampire
    22 | D:1      | Noticed a naga
    24 | D:1      | Noticed a tengu
    26 | D:1      | Noticed a ghoul
    26 | D:1      | Noticed a felid
    75 | D:1      | Reached skill level 3 in Long Blades
   250 | D:1      | Gained mutation: You have a somewhat thin skeletal structure (Dex +2, Stealth). [demonic ancestry]
   250 | D:1      | Reached XP level 2. HP: 17/22 MP: 2/2
   516 | D:1      | Reached XP level 3. HP: 27/27 MP: 3/3
  1013 | D:2      | Found a radiant altar of Vehumet.
  1072 | D:2      | Reached skill level 4 in Long Blades
  1155 | D:2      | Noticed Jessica
  1172 | D:2      | Killed Jessica
  1172 | D:2      | Reached XP level 4. HP: 24/33 MP: 4/4
  1759 | D:3      | Reached skill level 5 in Long Blades
  1960 | D:3      | Reached XP level 5. HP: 19/38 MP: 5/5
  2020 | D:3      | Found a glowing drain.
  2054 | Sewer    | Entered a sewer
  2484 | Sewer    | Found a white marble altar of Elyvilon.
  2535 | D:3      | Reached skill level 6 in Long Blades
  2605 | D:3      | Noticed a wyvern
  3128 | D:3      | Killed a wyvern
  3128 | D:3      | Gained mutation: You have sharp fingernails. [demonic ancestry]
  3128 | D:3      | Reached XP level 6. HP: 44/44 MP: 6/6
  3249 | D:3      | Reached skill level 7 in Long Blades
  3377 | D:4      | Noticed Edmund
  3393 | D:4      | Noticed Grinder
  3628 | D:4      | Found a bloodstained altar of Trog.
  3658 | D:4      | Found a shattered altar of Ashenzari.
  3683 | D:4      | Found a sparkling altar of Nemelex Xobeh.
  3861 | D:4      | Found a deep blue altar of Sif Muna.
  3892 | D:4      | Reached XP level 7. HP: 29/50 MP: 7/7
  4142 | D:4      | Paralysed by Grinder for 5 turns
  4162 | D:4      | Paralysed by Grinder for 6 turns
  4163 | D:4      | HP: 13/50 [Grinder/nerve-wracking pain (10)]
  4170 | D:4      | Killed Grinder
  4170 | D:4      | Reached skill level 8 in Long Blades
  4267 | D:5      | Entered Level 5 of the Dungeon
  4317 | D:5      | Found a staircase to the Ecumenical Temple.
  4318 | D:5      | Noticed Eustachio
  4394 | D:5      | Killed Eustachio
  4434 | Temple   | Entered the Ecumenical Temple
  4534 | Temple   | Became a worshipper of Warmaster Okawaru
  4922 | D:5      | Found a white marble altar of Elyvilon.
  4925 | D:5      | Gained mutation: You have very sharp fingernails. [demonic ancestry]
  4925 | D:5      | Reached XP level 8. HP: 53/56 MP: 6/8
  4948 | D:5      | Reached skill level 9 in Long Blades
  6232 | D:6      | Got a crystal quarterstaff
  6409 | D:6      | Reached skill level 10 in Long Blades
  6409 | D:6      | Reached skill level 3 in Dodging
  6591 | D:6      | Got a fine ring mail
  6609 | D:6      | Found a sacrificial altar of Ru.
  6623 | D:6      | Identified the cursed +0 ring mail of a treasure trove {rCorr Str+2 Int+3} (You found it on level 6 of the Dungeon)
  6825 | D:6      | Identified the +3 quarterstaff of Somewhere Else {crush, +Fly rF+} (You found it on level 6 of the Dungeon)
  7061 | D:6      | Reached * piety under Okawaru
  7061 | D:6      | Reached skill level 4 in Dodging
  7480 | D:7      | Noticed Prince Ribbit
  7509 | D:7      | Killed Prince Ribbit
  7509 | D:7      | Reached XP level 9. HP: 55/62 MP: 6/9
  7757 | D:7      | Found a shimmering altar of Xom.
  7775 | D:7      | Reached skill level 3 in Fighting
  8349 | D:8      | Reached skill level 5 in Dodging
  8377 | D:8      | Found a sand-covered staircase.
  8441 | D:8      | Found a flagged portal.
  8452 | Bailey   | Entered a bailey
  8681 | Bailey   | Reached skill level 4 in Fighting
  8684 | Bailey   | HP: 15/65 [orc warrior/halberd (11)]
  8959 | Bailey   | Reached ** piety under Okawaru
  9274 | D:8      | Reached skill level 11 in Long Blades
  9325 | D:8      | Found a snail-covered altar of Cheibriados.
  9478 | D:8      | Reached skill level 5 in Fighting
  9578 | D:8      | Found a glowing silver altar of Zin.
  9649 | D:8      | Upgraded the game from 0.18.1-5-g4a78601 to 0.18.1-6-gd335043
  9988 | D:8      | Reached skill level 6 in Dodging
 10092 | D:8      | Gained mutation: Your flesh is cold resistant. [demonic ancestry]
 10092 | D:8      | Reached XP level 10. HP: 69/75 MP: 10/10
 10211 | D:8      | Reached *** piety under Okawaru
 10858 | D:9      | Reached skill level 6 in Fighting
 11014 | D:9      | Received a gift from Okawaru
 11230 | D:9      | Found a staircase to the Orcish Mines.
 11432 | D:9      | Found an opulent altar of Gozag.
 11609 | D:9      | Identified the Catalogue of Vitriolic Unholy Rituals
 12001 | D:9      | Found an oddly glowing altar of Pakellas.
 12002 | D:9      | Found a glowing golden altar of the Shining One.
 12033 | D:10     | Entered Level 10 of the Dungeon
 12219 | D:10     | HP: 22/77 [orc warrior/long sword (14)]
 12225 | D:10     | Reached skill level 7 in Dodging
 12601 | D:10     | Noticed Fannar
 13164 | D:10     | Noticed Erica
 13187 | D:10     | Reached skill level 7 in Fighting
 13549 | D:10     | Killed Fannar
 13549 | D:10     | Reached skill level 12 in Long Blades
 13549 | D:10     | Reached skill level 1 in Armour
 13571 | D:10     | Reached **** piety under Okawaru
 13756 | D:10     | Reached XP level 11. HP: 63/85 MP: 5/11
 13835 | D:10     | HP: 25/85 [efreet/bolt of fire (10)]
 13836 | D:10     | HP: 9/85 [efreet/scimitar of flaming (5)]
 13839 | D:10     | Reached skill level 2 in Armour
 13844 | D:10     | HP: 11/86 [yak (5)]
 13848 | D:10     | HP: 2/86 [yak (10)]
 13849 | D:10     | Slain by a yak

Skill      XL: |  1  2  3  4  5  6  7  8  9 10 11 |
---------------+----------------------------------+-----
Long Blades    | 3 4 5 6 7 8 10 11 12 | 12.1
Dodging        | 4 6 7 |  7.5
Fighting       | 5 7 |  7.8
Armour         | 1 2 |  2.1
Throwing       | |  1.7

Action                   |  1- 3 |  4- 6 |  7- 9 | 10-12 || total
-------------------------+-------+-------+-------+-------++-------
Melee: Long sword        |    95 |   232 |   587 |   447 ||  1361
Throw: Throwing net      |       |     2 |     6 |       ||     8
       Stone             |       |    14 |    22 |       ||    36
       Tomahawk          |       |       |    48 |    48 ||    96
       Javelin           |       |       |       |     1 ||     1
Invok: Heroism           |       |       |     8 |     5 ||    13
Evoke: Wand              |       |       |     4 |     2 ||     6
  Use: Scroll            |     7 |     1 |    14 |     3 ||    25
       Potion            |       |     1 |     5 |     3 ||     9
 Stab: Sleeping          |     2 |     2 |     7 |     2 ||    13
       Held in net/web   |       |       |     2 |       ||     2
       Distracted        |       |       |     1 |       ||     1
  Eat: Chunk             |     1 |     9 |    18 |     8 ||    36
       Meat ration       |       |       |     1 |     1 ||     2
       Fruit             |       |       |     1 |       ||     1
Armor: Leather armour    |    42 |    24 |   118 |    86 ||   270
       Ring mail         |       |    30 |    17 |       ||    47
       Skin              |       |     4 |     1 |       ||     5
       Plate armour      |       |       |       |    32 ||    32
Dodge: Dodged            |    71 |   126 |   240 |   200 ||   637
Block: Buckler           |     1 |    62 |   132 |    96 ||   291

Table legend:
 A = Turns spent in this place as a percentage of turns spent in the entire game.
 B = Non-inter-level travel turns spent in this place as a percentage of non-inter-level travel turns spent in the entire game.
 C = Inter-level travel turns spent in this place as a percentage of turns spent in this place.
 D = Turns resting spent in this place as a percentage of non-inter-level travel turns spent in this place.
 E = Turns spent auto-exploring this place as a percentage of non-inter-level travel turns spent in this place.
 F = Non-inter-level travel turns spent in this place divided by the number of levels of this place that you've seen.
                   A       B       C       D       E      F
               +-------+-------+-------+-------+-------+----------------------
         Total | 100.0 | 100.0 |   0.3 |   2.1 |   3.9 | 427.2
       Dungeon |  88.8 |  88.8 |   0.3 |   2.3 |   4.2 | 492.9
        Temple |   0.2 |   0.2 |  16.7 |   0.0 |  70.0 |  10.0
         Sewer |   5.4 |   5.4 |   0.0 |   0.7 |   0.3 | 299.0
        Bailey |   5.7 |   5.7 |   0.0 |   1.0 |   0.0 | 315.0
               +-------+-------+-------+-------+-------+----------------------

Vault maps used:
D:1:      kb_arrival_jail, minmay_misc_feat_plants, minmay_splitting_lines,
          columned_hall_lemuel
D:2:      vehumet_crystals, first_bread, uniq_jessica
D:3:      portal_sewer_entry_a
D:4:      lemuel_coloured_pillars_altar, nemelex_xobeh_ov_fountains_minmay,
          cheibrodos_ashenzari_chains, lemuel_blue_sif_altar, uniq_edmund,
          uniq_grinder
D:5:      kennysheep_mini, minmay_temple_entry_crystal_x, minmay_misc_feat_iff,
          uniq_eustachio
D:6:      kennysheep_little_box, kennysheep_generic_room_16
D:7:      old_standard_altar, roderic_roman_lattice, uniq_prince_ribbit1
D:8:      wad_pebble_path, nicolae_overflow_crystal_walls, zin_scriptorium,
          nicolae_ossuary_entry_false_entrances, enter_bailey_8
D:9:      gammafunk_temple_overflow_wave, hiddenorc2_lemuel,
          blue_anna_alchemist, grunt_gozag_statues
D:10:     lair_0_dummy, kennysheep_boxes, uniq_erica, uniq_fannar
Temple:   circular_temple_pool_8
Sewer:    sewer_kobolds
Bailey:   bailey_polearm_1, bailey
